 Dungeon Crawl Stone Soup version 0.31-a0-221-gbddc013574 (webtiles) character file.

Game seed: 4437410116689414553

164 qw the Shooter (level 5, 0/30 HPs)
             Began as a Gargoyle Hexslinger on July 4, 2023.
             Slain by a gnoll
             ... wielding a +0 club
              (3 damage)
             ... on level 5 of the Dungeon.
             The game lasted 00:00:53 (2166 turns).

qw the Shooter (Gargoyle Hexslinger)                Turns: 2166, Time: 00:00:54

Health: 0/30       AC: 11    Str: 12    XL:     5   Next: 45%
Magic:  6/6        EV: 10    Int: 13    God:
Gold:   8          SH:  0    Dex: 14    Spells: 5/6 levels left

rFire   . . .        Y - +3 sling
rCold   . . .        (no shield)
rNeg    + . .        e - +0 ring mail
rPois   inf          b - +1 helmet
rElec   +            (no cloak)
rCorr   .            (no gloves)
SInv    .            (no boots)
Will    .....        (no amulet)
Stlth   +            (no ring)
HPRegen 0.25/turn    (no ring)
MPRegen 0.10/turn

%: no passive effects
@: no status effects
A: sickness immunity, AC +4, negative energy resistance 1, electricity
resistance, torment resistance 1, petrification resistance
a: no special abilities


You were on level 5 of the Dungeon.
You visited 1 branch of the dungeon, and saw 5 of its levels.

You collected 83 gold pieces.
You spent 75 gold pieces at shops.


Innate Abilities, Weirdness & Mutations

You are immune to sickness and miasma.
Your stone body is resilient. (AC +4)
You are immune to poison.
You resist negative energy. (rN+)
You are resistant to electric shocks. (rElec)
You are resistant to unholy torment.
You are immune to petrification.


   Skills:
 - Level 2.0 Fighting
 + Level 4.9 Ranged Weapons
 - Level 1.6 Armour
 - Level 1.5 Dodging
 - Level 1.0 Spellcasting
 - Level 2.6 Hexes


You had 5 spell levels left.
You knew the following spells:

 Your Spells              Type           Power      Damage    Failure   Level
a - Slow                  Hex            28%        N/A       21%         1

Your spell library contained the following spells:

 Spells                   Type           Power      Damage    Failure   Level
 Inner Flame              Hex/Fire       4%         N/A       71%         3
 Portal Projectile        Hex/Tloc       8%         N/A       71%         3
 Cause Fear               Hex            3%         N/A       90%         4

Inventory:

Hand Weapons
 Y - a +3 sling (weapon)
Armour
 b - a +1 helmet (worn)
 e - a +0 ring mail (worn)
Scrolls
 a - a scroll of identify
Potions
 c - a potion of might
 d - a potion of degeneration {unknown}
 f - a potion of haste {unknown}
 g - 3 potions of curing {unknown}
 h - a potion of enlightenment
 k - a potion of ambrosia {unknown}

Dungeon Overview and Level Annotations

Branches:
Dungeon (4/15)
 Temple: D:4-7

Altars:
Cheibriados
Hepliaklqana
Trog
Vehumet

Shops:
D:1 [   D:3 ?


Message History

The gnoll is lightly wounded.
The orc hits you but does no damage. The orc barely misses you.
You shoot a sling bullet. The sling bullet hits the orc.
You kill the orc!
The orc hits you but does no damage.
You shoot a sling bullet. The sling bullet hits the gnoll.
The gnoll is moderately wounded.
The orc barely misses you. The gnoll hits you but does no damage.
You shoot a sling bullet.
The sling bullet barely misses the gnoll.
The sling bullet hits the gnoll.
The gnoll is moderately wounded.
The orc completely misses you. The gnoll barely misses you.
The gnoll hits you with a +0 club. The orc barely misses you.
The gnoll hits you with a +0 club. The gnoll closely misses you.
You shoot a sling bullet.
The sling bullet closely misses the gnoll.
The sling bullet hits the gnoll but does no damage.
The gnoll is moderately wounded.
The orc hits you from afar with a +0 trident.
The gnoll hits you but does no damage. The gnoll barely misses you.
You shoot a sling bullet.
The sling bullet barely misses the gnoll.
The sling bullet hits the gnoll!
The gnoll is almost dead.
The orc hits you from afar with a +0 trident.
The gnoll hits you but does no damage. The gnoll barely misses you.
You shoot a sling bullet.
The sling bullet hits the gnoll but does no damage.
The gnoll is moderately wounded.
The orc hits you but does no damage. The gnoll hits you but does no damage.
The gnoll hits you with a +0 club.
The gnoll hits you from afar with a +0 spear.
The orc misses you. The gnoll barely misses you.
You shoot a sling bullet. The sling bullet hits the gnoll!
The gnoll is almost dead.
The orc barely misses you.
The gnoll hits you from afar with a +0 spear.
The gnoll hits you with a +0 club.
You die...

#
####.######
#...ggg@..#
......o#####
##.##.. ....
.#... ..
...g # .#...
..#.gg


You could see 3 gnolls and an orc.

Vanquished Creatures
  A hound (D:4)
  An orc wizard (D:3)
  Robin (D:3)
  4 adders
  A worm (D:3)
  A dart slug (D:1)
  5 orcs
  4 endoplasms
  A giant cockroach (D:3)
  15 goblins
  4 hobgoblins
  A kobold (D:3)
  4 quokkas
  A ball python (D:3)
  2 bats
  3 frilled lizards
  4 rats
53 creatures vanquished.

Notes
Turn   | Place    | Note
-------+----------+-------------------------------------------
     0 | D:1      | qw the Gargoyle Hexslinger began the quest for the Orb.
     0 | D:1      | Reached XP level 1. HP: 12/12 MP: 2/2
     0 | D:1      | 0 ||| qw: Version: 0.3-a-41-g9d075ac
     0 | D:1      | 0 ||| qw: Game counter: 765
     0 | D:1      | 0 ||| qw: Melee chars always use a shield: true
     0 | D:1      | 0 ||| qw: God list: Okawaru
     0 | D:1      | 0 ||| qw: Allow faded altars: false
     0 | D:1      | 0 ||| qw: Do Orc after clearing Dungeon:15 true
     0 | D:1      | 0 ||| qw: Do second Lair branch before Depths: true
     0 | D:1      | 0 ||| qw: Lair rune preference: random
     0 | D:1      | 0 ||| qw: Goals: Normal
     0 | D:1      | 0 ||| PLANNING D:1-11
     5 | D:1      | 5 ||| SHOPLISTING +0 leather armour (26 gold, have 5).
     5 | D:1      | 5 ||| SHOPLISTING +1 cloak of willpower (214 gold, have 5).
     5 | D:1      | 5 ||| SHOPLISTING +1 leather armour "Farphudd" {Harm MP+9
                  | Int-5 SInv} (345 gold, have 5).
     5 | D:1      | 5 ||| SHOPLISTING +2 robe of cold resistance (230 gold,
                  | have 5).
    38 | D:1      | Reached XP level 2. HP: 16/16 MP: 3/3
   663 | D:1      | 663 ||| UPGRADING to +0 leather armour.
   673 | D:1      | 673 ||| DROPPING +0 robe.
   674 | D:1      | 674 ||| UPGRADING to +0 ring mail.
   684 | D:1      | 684 ||| DROPPING +0 leather armour.
   685 | D:1      | 685 ||| READING scroll labelled XOAHATW KEPHU.
   686 | D:1      | 686 ||| READING scroll labelled BAOMMUNWIU.
   687 | D:1      | 687 ||| READING scroll labelled PAXISA GELORGHE.
   688 | D:1      | 688 ||| READING scroll labelled AMAUCA GOUQUG.
   689 | D:1      | 689 ||| READING scroll labelled QICVAES NULIEH.
   692 | D:1      | 692 ||| DROPPING scroll of poison.
   746 | D:2      | Reached skill level 3 in Ranged Weapons
   821 | D:2      | Reached XP level 3. HP: 9/21 MP: 4/4
   969 | D:2      | Found a radiant altar of Vehumet.
  1225 | D:2      | 1225 ||| READING scroll labelled QESEFR GALICKU.
  1226 | D:2      | 1226 ||| DRINKING 2 purple potions.
  1227 | D:2      | 1227 ||| READING 2 scrolls of identify.
  1227 | D:2      | 1227 ||| IDENTIFYING bubbling puce potion
  1228 | D:2      | 1228 ||| DROPPING potion of attraction.
  1229 | D:2      | 1229 ||| DROPPING potion of magic.
  1255 | D:3      | Found a bloodstained altar of Trog.
  1340 | D:3      | Found Nehiysm's Magic Scroll Shoppe.
  1363 | D:3      | 1363 ||| BUYING scroll of enchant armour (75 gold).
  1363 | D:3      | Bought a scroll of enchant armour for 75 gold pieces
  1363 | D:3      | 1363 ||| SHOPLISTING scroll of identify (20 gold, have 5).
  1396 | D:3      | Found a snail-covered altar of Cheibriados.
  1466 | D:3      | Noticed Robin
  1473 | D:3      | 1473 ||| Stepping ~*~*~tactically~*~*~ (outnumbered).
  1479 | D:3      | HP: 5/21 [goblin/+0 dagger[Robin] (2)]
  1480 | D:3      | 1480 ||| READING scroll of teleportation.
  1483 | D:3      | 1483 ||| FLEEEEING.
  1487 | D:3      | HP: 5/21 [goblin/+0 dagger[Robin] (2)]
  1489 | D:3      | HP: 1/21 [goblin/+0 dagger[Robin] (3)]
  1491 | D:3      | Reached XP level 4. HP: 2/26 MP: 5/5
  1512 | D:3      | 1512 ||| FLEEEEING.
  1513 | D:3      | 1513 ||| STAIRDANCE
  1590 | D:2      | 1590 ||| READING scroll labelled FUYROS DOQE.
  1591 | D:2      | 1591 ||| READING scroll labelled PEKHLA YCERIM.
  1592 | D:2      | 1592 ||| READING 3 scrolls of identify.
  1592 | D:2      | 1592 ||| IDENTIFYING emerald potion
  1593 | D:2      | 1593 ||| READING 2 scrolls of identify.
  1593 | D:2      | 1593 ||| IDENTIFYING silvery potion
  1598 | D:3      | 1598 ||| STAIRDANCE
  1612 | D:3      | 1612 ||| STAIRDANCE
  1644 | D:3      | Killed Robin
  1645 | D:3      | Reached skill level 4 in Ranged Weapons
  1664 | D:3      | Reached skill level 1 in Armour
  1845 | D:3      | 1845 ||| READING scroll of enchant weapon.
  1845 | D:3      | 1845 ||| ENCHANTING +2 sling.
  1960 | D:3      | Reached XP level 5. HP: 30/30 MP: 6/6
  2086 | D:3      | Found a hazy altar of Hepliaklqana.
  2092 | D:3      | 2092 ||| UPGRADING to +0 helmet.
  2097 | D:3      | 2097 ||| READING scroll of enchant armour.
  2097 | D:3      | 2097 ||| ENCHANTING +0 helmet.
  2138 | D:4      | You fall into a shaft and drop 1 floor!
  2138 | D:5      | Entered Level 5 of the Dungeon
  2147 | D:5      | 2147 ||| Stepping ~*~*~tactically~*~*~ (outnumbered).
  2165 | D:5      | HP: 4/30 [gnoll/+0 spear (6)]
  2166 | D:5      | Slain by a gnoll

Levels and vault maps discovered:
D:1:      minmay_arrival_arboretum_small, layout_basic, serial_shops, shop,
          minmay_tiny_reverse_x
D:2:      layout_basic, basic_altar, kennysheep_generic_room_7
D:3:      layout_basic, trog_three_pillars_becter, mainiacjoe_overflow_alcove_2,
          slow_altar_1, serial_shops, nicolae_shop_window_shopping, uniq_robin
D:4:      layout_basic, grunt_decor_fettered
D:5:      minmay_clustersquares, layout_loops_ring,
          nicolae_dithmenos_through_a_glass_darkly,
          hellmonk_ghost_happy_afterlife, minmay_puff

Skill      XL: |  1  2  3  4 |
---------------+-------------+-----
Ranged Weapons | 3 4 |  4.9
Fighting       | 2 |  2.0
Armour         | 1 |  1.6
Dodging        | |  1.5
Spellcasting   | |  1.0
Hexes          | |  2.6

Action                     |  1- 3 |  4- 6 || total
---------------------------+-------+-------++-------
   Fire: Sling             |    95 |   101 ||   196
    Use: Scroll            |     8 |     6 ||    14
         Potion            |     1 |       ||     1
 Armour: Robe              |     1 |       ||     1
         Ring mail         |    30 |    59 ||    89
  Dodge: Dodged            |    31 |    46 ||    77

Table legend:
 A = Non-vault XP
 B = Vault XP
 C = Vault XP percentage of total XP
 D = Non-vault monster count
 E = Vault monster count
 F = Vault count percentage of total count
                 A         B        C        D         E       F
            +---------+---------+-------+---------+---------+-------
      Total |     187 |      48 |  20.4 |      37 |      16 |  30.2
            +---------+---------+-------+---------+---------+-------
        D:1 |       9 |       6 |  40.0 |       6 |       2 |  25.0
        D:2 |      29 |       2 |   6.5 |      11 |       1 |   8.3
        D:3 |      90 |      40 |  30.8 |      17 |      13 |  43.3
        D:4 |      43 |       0 |   0.0 |       1 |       0 |   0.0
        D:5 |      16 |       0 |   0.0 |       2 |       0 |   0.0
            +---------+---------+-------+---------+---------+-------
